 Dungeon Crawl Stone Soup version 0.16-a0-3465-g53c7d0b (webtiles) character file.

777 Grim the Jinx (level 7, -3/32 HPs)
             Began as a Spriggan Enchanter on Jan 2, 2015.
             Slain by a gnoll
             ... wielding a +0 spear
              (8 damage)
             ... on level 4 of the Dungeon.
             The game lasted 00:23:57 (7512 turns).

Grim the Jinx (Spriggan Enchanter)                  Turns: 7512, Time: 00:23:58

Health: -3/32      AC:  4    Str:  4    XL:     7   Next: 54%
Magic:  12/19      EV: 20    Int: 18    God:
Gold:   143        SH:  0    Dex: 17    Spells: 3 memorised, 5 levels left

rFire  . . .     SeeInvis +     a - +1 dagger
rCold  . . .     Clarity  .     b - +1 robe
rNeg   . . .     SustAb   .     (shield restricted)
rPois  .         Gourm    .     (helmet restricted)
rElec  .         Spirit   .     m - +0 cloak (curse)
rCorr  .         Warding  .     (gloves unavailable)
rMut   +         Stasis   .     (boots unavailable)
MR     +....                    n - amulet of resist mutation (curse)
Stlth  ++........               (no ring)
                                (no ring)

@: glowing, very quick, somewhat resistant to hostile enchantments, unstealthy
A: unfitting armour, see invisible, herbivore 3, speed 3, slow metabolism 2
a: no special abilities


You were on level 4 of the Dungeon.
You were near starving.

You visited 1 branch of the dungeon, and saw 4 of its levels.
You also visited: Ossuary.

You collected 143 gold pieces.

Inventory:

Hand weapons
 a - a +1 dagger (weapon)
Armour
 b - a +1 robe (worn)
 m - a cursed +0 cloak (worn)
Jewellery
 n - a cursed amulet of resist mutation (around neck)
Magical devices
 s - a wand of random effects (26)
 t - a wand of polymorph (0)
Scrolls
 f - a scroll of noise {unknown}
 h - 2 scrolls of remove curse {unknown}
 j - a scroll of blinking {unknown}
 k - a scroll of magic mapping {unknown}
 p - 3 scrolls of teleportation {unknown}
 r - 2 scrolls of immolation {unknown}
 u - a scroll of recharging {unknown}
 w - a scroll of fog {unknown}
Potions
 d - 2 potions of resistance
 e - a potion of haste {unknown}
 g - a potion of agility
 i - 4 potions of ambrosia
 l - 2 potions of brilliance
 o - 6 potions of curing
 q - 4 potions of flight
Books
 c - a book of Maledictions

   Spells                             Type                      Level
   a - Corona                         Hexes                        1
   b - Sure Blade                     Hexes/Charms                 2
   c - Ensorcelled Hibernation        Hexes/Ice                    2
   d - Confuse                        Hexes                        3
   e - Dazzling Spray                 Conjuration/Hexes            3
   f - Enslavement                    Hexes                        4
Comestibles
 v - a bread ration


   Skills:
 - Level 3.0 Short Blades
 + Level 4.8 Dodging
 + Level 5.8 Stealth
 - Level 2.6 Spellcasting
 - Level 9.1 Hexes
 - Level 1.0 Ice Magic


You had 5 spell levels left.
You knew the following spells:

 Your Spells              Type           Power        Failure   Level  Hunger
a - Corona                Hex            #####..      1%          1    #......
b - Confuse               Hex            #####...     1%          3    ###....
c - Ensorcelled Hibernat  Hex/Ice        ###...       3%          2    ##.....


Dungeon Overview and Level Annotations

Branches:
Dungeon (4/15)
 Temple: D:4-7

Altars:
Fedhas
Gozag
Kikubaaqudgha
Okawaru
Ru
Yredelemnul

Shops:
D:2 *   D:4 ([((


Innate Abilities, Weirdness & Mutations

You are tiny and cannot use many weapons and most armour.
You have supernaturally acute eyesight.
You are a herbivore.
You cover ground extremely quickly.
You need consume almost no food.


Message History

The gnoll resists with significant effort.
The gnoll hits you.
* * * LOW HITPOINT WARNING * * *
The gnoll completely misses you. The gnoll misses you.
Casting: Ensorcelled Hibernation
Confirm with . or Enter, or press ? or * to list all spells.
Aiming: Ensorcelled Hibernation
Press: ? - help, Shift-Dir - straight line, f - gnoll, p - gnoll
Aim: a gnoll (chance 60%)
The gnoll looks drowsy...
The gnoll completely misses you. The gnoll hits you but does no damage.
The gnoll hits you from afar with a spear.
* * * LOW HITPOINT WARNING * * *
The helpless gnoll fails to defend itself.
You impale the gnoll!!
You kill the gnoll!
The gnoll barely misses you. The gnoll hits you!
* * * LOW HITPOINT WARNING * * *
The gnoll hits you from afar with a spear!
You die...

...........# .
#..........# ....
...........# .....
###'##.....# .....#
#...##.....# .....#
#...####'### .....#
#...##....## g....#
....'......# ##g....#
....#......# #@#+####
....#.....######g†....#
....#.....##...##.....#
....#..........#......#
#+####....##...#).....#
#...##....##...'......#
'..............#......#
#..............#......#
#.........[....##.....#


You could see 3 gnolls.

Vanquished Creatures
  Blork the orc (D:4)
  2 vampire bats (D:3)
  An orc priest (D:4)
  A centaur zombie (D:3)
  2 hounds (D:4)
  Crazy Yiuf (D:2)
  A gnoll shaman (D:4)
  Natasha (thrice) (D:3)
  2 orc wizards
  2 worker ants
  5 big kobold zombies (Ossuary)
  2 mummies
  A gnoll (D:4)
  6 adders
  A worm (D:3)
  2 adder skeletons
  6 orcs
  5 spectral bats (Ossuary)
  9 bats
  A bat simulacrum (Ossuary)
  5 bat skeletons
  11 goblins
  13 hobgoblins
  12 kobolds
  A quokka (D:2)
  A giant cockroach (D:2)
  5 giant geckos
  7 giant newts
  5 gnoll zombies (Ossuary)
  3 goblin simulacra (Ossuary)
  3 goblin zombies (Ossuary)
  7 hobgoblin zombies (Ossuary)
  A jackal skeleton (D:4)
  2 kobold simulacra (Ossuary)
  3 kobold zombies
  5 orc zombies
  13 rats
  A rat simulacrum (Ossuary)
  A spectral goblin (Ossuary)
  5 spectral kobolds (Ossuary)
  2 spectral rats (Ossuary)
160 creatures vanquished.

Vanquished Creatures (others)
  A gnoll zombie (Ossuary)
  4 goblin simulacra (Ossuary)
  2 kobold zombies (Ossuary)
  2 rat simulacra (Ossuary)
9 creatures vanquished.

Grand Total: 169 creatures vanquished

Notes
Turn   | Place    | Note
--------------------------------------------------------------
     0 | D:1      | Grim, the Spriggan Enchanter, began the quest for the Orb.
     0 | D:1      | Reached XP level 1. HP: 9/9 MP: 4/4
   390 | D:1      | Reached XP level 2. HP: 13/13 MP: 5/7
  1343 | D:2      | Noticed Crazy Yiuf
  1544 | D:2      | Found a basalt altar of Yredelemnul.
  1668 | D:2      | Reached XP level 3. HP: 16/16 MP: 9/9
  1816 | D:1      | Learned a level 3 spell: Confuse
  1974 | D:2      | Found Gozag's Nutrition Petition.
  1974 | D:2      | Found an opulent altar of Gozag.
  2426 | D:2      | Killed Crazy Yiuf
  2426 | D:2      | Reached skill level 5 in Hexes
  2426 | D:2      | Reached XP level 4. HP: 21/21 MP: 9/12
  2597 | D:3      | Found an iron altar of Okawaru.
  2902 | D:3      | Found a sacrificial altar of Ru.
  3196 | D:3      | Noticed Natasha
  3209 | D:3      | Killed Natasha
  3209 | D:3      | Reached skill level 6 in Hexes
  3296 | D:3      | Reached XP level 5. HP: 10/24 MP: 10/14
  3374 | D:3      | Noticed Natasha
  3392 | D:3      | Killed Natasha
  3585 | D:3      | Noticed Natasha
  3594 | D:3      | Killed Natasha
  3919 | D:3      | Learned a level 2 spell: Ensorcelled Hibernation
  4300 | D:3      | Reached skill level 1 in Ice Magic
  4380 | D:3      | Reached skill level 7 in Hexes
  4504 | D:3      | Found an ancient bone altar of Kikubaaqudgha.
  4514 | D:3      | Reached XP level 6. HP: 26/28 MP: 9/17
  4644 | D:4      | Noticed Blork the orc
  4665 | D:4      | Killed Blork the orc
  4665 | D:4      | Reached skill level 8 in Hexes
  4786 | D:4      | Found a sand-covered staircase.
  4847 | Ossuary  | Entered an ossuary
  5825 | Ossuary  | Reached XP level 7. HP: 28/32 MP: 15/19
  6274 | Ossuary  | Reached skill level 9 in Hexes
  6447 | D:4      | Found Benuja's Weapon Boutique.
  6464 | D:4      | Found Efatsa's Antique Weapon Shop.
  6660 | D:4      | Found Poezujul's Antique Armour Emporium.
  6780 | D:4      | Found Maypat's Antique Weapon Emporium.
  6960 | D:4      | Reached skill level 5 in Stealth
  7205 | D:4      | Found a blossoming altar of Fedhas.
  7512 | D:4      | Slain by a gnoll

Action                   |  1- 3 |  4- 6 |  7- 9 || total
-------------------------+-------+-------+-------++-------
Melee: Dagger            |   121 |   348 |    84 ||   553
 Cast: Corona            |    18 |     1 |       ||    19
       Confuse           |     8 |    48 |     8 ||    64
       Ensorcelled Hiber |       |     7 |    26 ||    33
  Use: Scroll            |       |       |     5 ||     5
 Stab: Sleeping          |    11 |    17 |    23 ||    51
       Confused          |     3 |    22 |     4 ||    29
       Distracted        |       |     1 |       ||     1
  Eat: Bread ration      |       |     2 |       ||     2
